 Dungeon Crawl Stone Soup version 0.23.2-30-g0e89c35649 (webtiles) character file.

Game seed: 3291203617953130250

3523 HEYYEYAAE the Basher (level 9, -1/80 HPs)
             Began as a Troll Berserker on June 20, 2019.
             Was a High Priest of Trog.
             Slain by an unseen horror (4 damage)
             ... on level 9 of the Dungeon.
             The game lasted 00:09:38 (5920 turns).

HEYYEYAAE the Basher (Troll Berserker)              Turns: 5920, Time: 00:09:38

Health: -1/80      AC:  6    Str: 30      XL:     9   Next: 81%
Magic:  0/8        EV: 10    Int:  3 (5)  God:    Trog [*****.]
Gold:   294        SH:  0    Dex:  9      Spells: 8/8 levels left

rFire    . . .     SeeInvis .   C - +1 mace (protect)
rCold    . . .     Gourm    +   (no shield)
rNeg     . . .     Faith    .   b - +0 animal skin
rPois    .         Spirit   +   (helmet restricted)
rElec    .         Reflect  .   g - scarf {Spirit}
rCorr    +         Harm     .   (gloves unavailable)
MR       .....                  (boots unavailable)
Stlth    +.........             (no amulet)
HPRegen  0.63/turn              x - +2 ring of intelligence
MPRegen  0.11/turn              z - ring of resist corrosion

@: no status effects
A: large, unfitting armour, claws 3, fast metabolism 3, gourmand, regeneration
1, shaggy fur 1, tough skin 3
a: Berserk, Trog's Hand, Brothers in Arms, Renounce Religion


You were on level 9 of the Dungeon.
You worshipped Trog.
Trog was extremely pleased with you.
You were full.

You visited 2 branches of the dungeon, and saw 10 of its levels.

You collected 294 gold pieces.

Inventory:

Hand Weapons
 a - a +0 mace
 C - a +1 mace of protection (weapon)
Armour
 b - a +0 animal skin (worn)
 g - a scarf of spirit shield (worn)
 y - a +2 cloak of poison resistance
Jewellery
 x - a +2 ring of intelligence (left claw)
 z - a ring of resist corrosion (right claw)
 D - an uncursed ring of ice
Wands
 A - a wand of iceblast (3)
Scrolls
 e - 2 scrolls of random uselessness
 h - a scroll of immolation
 l - a scroll of brand weapon {unknown}
 o - a scroll of silence {unknown}
 p - 3 scrolls of magic mapping {unknown}
 q - a scroll of amnesia {unknown}
 r - a scroll of teleportation {unknown}
 s - a scroll of fog
 u - 3 scrolls of remove curse
 v - 2 scrolls of enchant weapon {unknown}
Potions
 d - a potion of magic {unknown}
 f - 3 potions of flight
 i - 4 potions of curing {unknown}
 j - 4 potions of brilliance
 k - a potion of invisibility
 m - 3 potions of degeneration
 n - a potion of ambrosia {unknown}
 t - 2 potions of heal wounds
 w - a potion of agility
 B - a potion of haste
 E - a potion of mutation {unknown}
Comestibles
 c - 20 rations


   Skills:
 - Level 2.4 Fighting
 + Level 12.8 Maces & Flails
 - Level 2.4 Dodging


You had 8 spell levels left.
You didn't know any spells.
Your spell library was empty.

Dungeon Overview and Level Annotations

Branches:
Dungeon (9/15)             Temple (1/1) D:4
   Lair: D:8-11         Orc: D:9-12

Altars:
Ashenzari
Cheibriados
Dithmenos
Hepliaklqana
Kikubaaqudgha
Nemelex Xobeh
Qazlal
Sif Muna
Xom
Zin

Annotations:
D:8 Gastronok


Innate Abilities, Weirdness & Mutations

You are too large for most types of armour.
You have claws for hands.
Your metabolism is lightning-fast.
You like to eat raw meat.
Your natural rate of healing is unusually fast.
You are covered in fur. (AC +1)
You have extremely tough skin. (AC +3)


Message History

Something hits you.
* * * LOW HITPOINT WARNING * * *
Something hits you!
* * * LOW HITPOINT WARNING * * *
Something hits you.
* * * LOW HITPOINT WARNING * * *
Something hits you.
* * * LOW HITPOINT WARNING * * *
Something hits you.
* * * LOW HITPOINT WARNING * * *
Something hits you.
* * * LOW HITPOINT WARNING * * *
Something hits you.
* * * LOW HITPOINT WARNING * * *
Something hits you.
* * * LOW HITPOINT WARNING * * *
Something hits you!
* * * LOW HITPOINT WARNING * * *
Something hits you.
You die...

#....#.#####........
#....#.# #...[....
####.....# #........
#.....#..#####........
#.....'......#
#.....#.......
#.....##.###.# #####.#
.# #@# # #.# #.#
#........ ########.


There were no monsters in sight!

Vanquished Creatures
  Prince Ribbit (D:6)
  Sigmund (D:2)
  3 yaks (D:9)
  A wyvern (D:8)
  The ghost of solus13 the Charmwright, an amateur DrSk of Ru (D:3)
  Menkaure (D:6)
  2 sky beasts
  2 ice beasts
  An ogre (D:4)
  2 phantoms
  Blork the orc (D:6)
  4 bullfrogs
  5 scorpions
  3 howler monkeys
  2 centaur zombies
  4 hounds
  3 jellies
  2 orc priests
  3 orc wizards
  Natasha (D:4)
  An iguana (D:5)
  6 worker ants
  A killer bee zombie (D:5)
  A hound skeleton (D:8)
  A howler monkey skeleton (D:5)
  15 adders
  4 gnolls (D:7)
  A shadow imp (D:6)
  4 oozes (D:1)
  3 adder skeletons
  2 worms
  2 dart slugs
  5 leopard geckos
  18 orcs
  14 giant cockroaches
  14 hobgoblins
  10 jackals
  11 kobolds
  3 quokkas
  A ball python (D:2)
  11 bats
  3 frilled lizards (D:1)
  7 goblins
  15 rats
196 creatures vanquished.

Notes
Turn   | Place    | Note
-------+----------+-------------------------------------------
     0 | D:1      | HEYYEYAAE the Troll Berserker began the quest for the Orb.
     0 | D:1      | Reached XP level 1. HP: 22/22 MP: 0/0
     1 | D:1      | Found a runed translucent door.
    10 | D:1      | Reached skill level 3 in Maces & Flails
    17 | D:1      | Reached XP level 2. HP: 23/29 MP: 1/1
    39 | D:1      | Reached XP level 3. HP: 30/36 MP: 2/2
    99 | D:1      | Reached skill level 4 in Maces & Flails
   151 | D:1      | Reached ** piety under Trog
   437 | D:1      | Lost intelligence.
   598 | D:2      | Reached XP level 4. HP: 44/44 MP: 3/3
   995 | D:2      | Noticed Sigmund
  1008 | D:2      | Killed Sigmund
  1008 | D:2      | Reached skill level 6 in Maces & Flails
  1008 | D:2      | Reached XP level 5. HP: 50/50 MP: 4/4
  1161 | D:2      | Reached *** piety under Trog
  1411 | D:3      | Reached XP level 6. HP: 57/59 MP: 3/5
  1547 | D:3      | Found a runed translucent gate.
  1547 | D:3      | Found a runed translucent gate.
  1547 | D:3      | Noticed solus13's ghost (amateur DrSk)
  1561 | D:3      | Found a runed translucent gate.
  1601 | D:3      | Killed solus13's ghost
  1601 | D:3      | Reached skill level 7 in Maces & Flails
  1928 | D:3      | Found a shattered altar of Ashenzari.
  2255 | D:4      | Reached XP level 7. HP: 66/66 MP: 4/6
  2382 | D:4      | Noticed Natasha
  2391 | D:4      | Killed Natasha
  2391 | D:4      | Reached **** piety under Trog
  2391 | D:4      | Reached skill level 8 in Maces & Flails
  2666 | D:4      | Found a deep blue altar of Sif Muna.
  2699 | D:4      | Found a staircase to the Ecumenical Temple.
  2755 | Temple   | Entered the Ecumenical Temple
  2791 | D:5      | Entered Level 5 of the Dungeon
  2940 | D:5      | Found a stormy altar of Qazlal.
  3123 | D:5      | Reached skill level 9 in Maces & Flails
  3123 | D:5      | Reached XP level 8. HP: 55/74 MP: 4/7
  3762 | D:6      | Noticed Blork the orc
  3779 | D:6      | Killed Blork the orc
  3823 | D:6      | Reached skill level 10 in Maces & Flails
  3895 | D:6      | Noticed Prince Ribbit
  3902 | D:6      | Noticed Menkaure
  3963 | D:6      | Killed Menkaure
  4066 | D:6      | Found a glowing silver altar of Zin.
  4364 | D:6      | Killed Prince Ribbit
  4364 | D:6      | Reached skill level 11 in Maces & Flails
  4364 | D:6      | Reached XP level 9. HP: 18/80 MP: 1/8
  4950 | D:7      | Found an ancient bone altar of Kikubaaqudgha.
  4956 | D:7      | Found a shadowy altar of Dithmenos.
  4957 | D:7      | Found a shimmering altar of Xom.
  4958 | D:7      | Found a hazy altar of Hepliaklqana.
  4960 | D:7      | Found a snail-covered altar of Cheibriados.
  4961 | D:7      | Found a sparkling altar of Nemelex Xobeh.
  5306 | D:7      | Reached ***** piety under Trog
  5437 | D:7      | Reached skill level 12 in Maces & Flails
  5568 | D:8      | Noticed Gastronok
  5919 | D:9      | HP: 3/80 [something (11)]
  5920 | D:9      | Slain by an unseen horror

Skill      XL: |  1  2  3  4  5  6  7  8  9 |
---------------+----------------------------+-----
Maces & Flails | 3 4 6 7 9 11 12 | 12.8
Fighting       | |  2.4
Dodging        | |  2.4

Action                   |  1- 3 |  4- 6 |  7- 9 || total
-------------------------+-------+-------+-------++-------
Melee: Mace              |   148 |   158 |   487 ||   793
Invok: Berserk           |     1 |     4 |     7 ||    12
       Trog's Hand       |       |       |     2 ||     2
Evoke: Wand              |       |       |     4 ||     4
  Use: Scroll            |     1 |       |    11 ||    12
       Potion            |       |       |     6 ||     6
 Stab: Invisible         |       |       |     5 ||     5
  Eat: Chunk             |    11 |    17 |    42 ||    70
Armor: Animal skin       |    88 |    74 |   185 ||   347
Dodge: Dodged            |   110 |   100 |   267 ||   477
